Map: Altitude LE

Players

A.I. 1 (Very Easy)

  • Race: Protoss Protoss
  • Spawn Location: 7:00

Bob - Winner!

  • Race: Protoss Protoss
  • Spawn Location: 1:00

VOD

Have the link to the VOD?

Description

Time

  • Played on: June 25, 2023, 7:17 a.m.
  • Length: 13:39
Show
View Real Time Build Order
Export as new Build Order

A.I. 1 (Very Easy) Protoss 

Build Orders:  

Get SALT Encoding   

  12  0:00  Probe  
  13  0:13  Probe  
  14  0:20  Pylon  
  14  0:43  Gateway  
  14  0:47  Pylon  
  14  0:52  Assimilator  
  14  1:03  Probe  
  15  1:11  Probe  
  16  1:20  Probe  
  17  1:31  Probe  
  17  1:32  Zealot  
  20  1:33  Cybernetics Core  
  20  1:34  Assimilator  
  20  1:43  Probe  
  21  1:55  Probe  
  21  2:00  Warp Gate  
  22  2:12  Stalker  
  24  2:45  Probe  
  24  2:49  Robotics Facility  
  25  2:52  Pylon  
  25  2:57  Probe  
  26  3:10  Probe  
  27  3:13  Pylon  
  27  3:22  Probe  
  27  3:23  Zealot  
  30  3:34  Probe  
  30  3:39  Observer  
  32  3:46  Probe  
  33  3:58  Observer  
  34  4:34  Sentry  
  36  5:28  Observer  
  36  6:21  Nexus  
  36  7:32  Probe  
  37  7:39  Probe  
  38  7:44  Probe  
  39  7:52  Probe  
  39  7:53  Assimilator  
  39  7:56  Assimilator  
  40  7:59  Probe  
  41  8:10  Probe  
  42  8:17  Probe  
  43  8:25  Probe  
  44  8:28  Probe  
  45  8:39  Probe  
  46  8:42  Probe  
  47  8:53  Probe  
  48  9:00  Probe  
  49  9:07  Probe  
  50  10:24  Warp Prism  
  50  10:34  Gateway  
  50  10:35  Robotics Bay  
  52  10:37  Stargate  
  52  10:43  Pylon  
  52  10:54  Observer  
  52  10:56  Stalker  
  47  11:12  Gravitic Boosters  
  47  11:15  Warp Prism  
  49  11:23  Gateway  
  49  11:29  Zealot  
  49  11:58  Pylon, Stalker  
  44  12:18  Probe  
  44  12:22  Pylon  
  32  12:30  Probe  
  33  12:42  Pylon  
  33  12:57  Pylon  
  32  13:08  Gateway  
  32  13:11  Probe  
Show
View Real Time Build Order
Export as new Build Order

Bob Protoss - Winner!

Build Orders:  

Get SALT Encoding   

  12  0:01  Probe  
  13  0:13  Probe  
  14  0:20  Pylon  
  14  0:27  Probe  
  15  0:39  Probe  
  15  0:42  Gateway  
  16  0:51  Probe  
  16  0:55  Assimilator  
  17  1:22  Probe  
  18  1:45  Probe  
  19  1:57  Probe  
  20  2:03  Nexus  
  20  2:14  Cybernetics Core  
  20  2:27  Probe  
  21  2:39  Probe  
  21  2:42  Assimilator  
  22  2:52  Pylon  
  22  3:23  Stalker  
  24  3:32  Probe  
  25  3:46  Warp Gate  
  25  3:50  Probe  
  25  3:51  Probe  
  27  4:02  Probe  
  28  4:03  Probe  
  28  4:05  Robotics Facility  
  29  4:23  Probe x2  
  31  4:35  Gateway, Probe x2  
  31  4:37  Gateway  
  33  4:47  Probe x2  
  35  4:57  Stalker  
  35  4:58  Pylon  
  37  5:06  Observer  
  39  5:14  Probe x2  
  40  5:26  Probe x2  
  40  5:27  Stalker  
  40  5:28  Immortal  
  48  5:38  Probe x2, Stalker x2  
  54  5:55  Pylon  
  54  5:58  Pylon  
  54  6:09  Assimilator  
  54  6:11  Assimilator  
  54  6:13  Stalker  
  56  6:27  Gateway  
  56  6:28  Gateway  
  56  6:29  Gateway  
  56  6:31  Gateway  
  56  6:34  Gateway  
  56  6:37  Twilight Council  
  56  6:38  Gateway, Probe x2  
  58  6:50  Probe x2  
  60  6:58  Zealot x3  
  66  7:03  Warp Prism  
  68  7:28  Probe  
  69  7:31  Probe  
  70  7:52  Probe  
  70  8:14  Pylon  
  70  8:15  Pylon  
  70  8:17  Pylon  
  70  8:20  Pylon  
  70  8:22  Pylon  
  70  8:25  Pylon  
  70  8:32  Probe  
  71  8:40  Immortal  
  75  8:42  Zealot  
  75  8:43  Zealot x7  
  75  8:44  Zealot  
  93  9:56  Templar Archives  
  93  10:01  Zealot x2  
  93  10:02  Zealot x5  
  93  10:03  Zealot x2  
  111  10:33  High Templar x3  
  117  10:40  Pylon  
  117  10:41  Pylon  
  117  10:43  Pylon x2  
  117  10:44  Pylon  
  117  10:46  Pylon  
  117  11:00  High Templar x2  
  117  11:01  High Templar x4  
  129  11:14  Stalker x2  
  129  11:15  Stalker  
  135  11:19  Archon x4  
  135  11:34  High Templar  
  135  11:38  Archon  
  137  11:55  Zealot  
  137  11:56  Zealot x3  
  137  11:57  Zealot  
  137  11:58  Zealot  
  137  11:59  Zealot x2  
Tags
 
Matchup
PvP
Spawn Locations
Cross Positions
Add a new tag
Caveats
  • Supply blocks, unpowered buildings, or Contaminate may cause inaccurate times.
  • Supply counts are checked every 10 seconds.